 Dungeon Crawl Stone Soup version 0.30-a0-672-gc3a7216ad8 (webtiles) character file.

Game seed: 9435679797470148384

245 dr0g0th the Trooper (level 5, 0/42 HPs)
             Began as a Demonspawn Fighter on Jan 18, 2023.
             Killed from afar by Natasha (8 damage)
             ... with a bolt of dispelling energy
             ... on level 4 of the Dungeon.
             The game lasted 00:04:03 (2248 turns).

dr0g0th the Trooper (Demonspawn Fighter)            Turns: 2248, Time: 00:04:03

Health: 0/42       AC: 12    Str: 19    XL:     5   Next: 83%
Magic:  5/5        EV:  7    Int: 13    God:
Gold:   60         SH:  5    Dex: 15    Spells: 4/4 levels left

rFire   . . .      SeeInvis .    a - +0 trident
rCold   . . .      Faith    .    c - +0 buckler
rNeg    . . .      Spirit   .    o - +0 chain mail
rPois   +          Reflect  .    i - +2 hat
rElec   +          Harm     .    (no cloak)
rCorr   .          Rampage  .    (no gloves)
Will    .....                    (no boots) Stlth
                                 (no amulet)
HPRegen 0.27/turn                r - ring of Light {rElec rPois Int+4 Dex+3}
MPRegen 0.09/turn                (no ring)

@: no status effects
A: sharp scales 1, demonic touch 2
a: no special abilities


You were on level 4 of the Dungeon.
You visited 1 branch of the dungeon, and saw 4 of its levels.

You collected 165 gold pieces.
You spent 105 gold pieces at shops.

Inventory:

Hand Weapons
 a - a +0 trident (weapon)
Armour
 b - a +0 scale mail
 c - a +0 buckler (worn)
 i - a +2 hat (worn)
 o - a +0 chain mail (worn)
Jewellery
 d - a ring of positive energy
 r - the ring of Light (left hand) {rElec rPois Int+4 Dex+3}
   (You bought it in a shop on level 4 of the Dungeon)

   [ring of poison resistance]

   Int:       It affects your intelligence (+4).
   Dex:       It affects your dexterity (+3).
   rElec:     It insulates you from electricity.
   rPois:     It protects you from poison.
Scrolls
 e - 2 scrolls of amnesia
 h - a scroll of teleportation
 j - 2 scrolls of fear
 p - a scroll of noise {unknown}
Potions
 f - a potion of attraction
 g - a potion of invisibility
 k - a potion of brilliance
 l - a potion of mutation
 m - 2 potions of curing
 n - a potion of degeneration
 q - a potion of magic {unknown}


   Skills:
 + Level 4.1 Fighting
 + Level 3.4 Polearms
 + Level 4.0 Armour
 + Level 0.2 Dodging
 + Level 3.2 Shields


You had 4 spell levels left.
You didn't know any spells.
Your spell library contained the following spells:

 Spells                   Type           Power      Damage    Failure   Level
 Freeze                   Ice            0%         1d3       99%         1
 Frozen Ramparts          Ice            0%         1d1       100%        3
 Hailstorm                Conj/Ice       0%         3d3       100%        3


Dungeon Overview and Level Annotations

Branches:
Dungeon (4/15)
 Temple: D:4-7

Altars:

Shops:
D:1 [   D:4 *

Annotations:
D:2 Sigmund
D:4 Natasha


Innate Abilities, Weirdness & Mutations

You are partially covered in razor-sharp scales. (AC +1, Slay +1)
Your touch may inflict irresistible damage on your foes.


Message History

The ufetubus closely misses you.
The ufetubus hits you but does no damage. x2
You hit the ufetubus but do no damage.
The ufetubus is severely wounded.
You block the ufetubus's attack. x2
The ufetubus hits you but does no damage. x2
You closely miss the ufetubus.
The ufetubus is severely wounded.
The ufetubus barely misses you.
The ufetubus hits you but does no damage.
You closely miss the ufetubus.
The ufetubus is severely wounded.
The ufetubus hits you but does no damage. x2
The ufetubus barely misses you. The ufetubus closely misses you.
You puncture the ufetubus!
You kill the ufetubus!
You barely miss the hobgoblin. You block the hobgoblin's attack.
You hit the hobgoblin but do no damage. The hobgoblin barely misses you.
You closely miss the hobgoblin.
The hobgoblin hits you but does no damage. x2
The crimson imp laughs crazily.
You barely miss the hobgoblin.
The crimson imp blinks!
The hobgoblin barely misses you.
You puncture the hobgoblin!
You kill the hobgoblin!
Natasha stares at you and mumbles some strange words.
You feel yourself slow down.
Natasha zaps a wand.
The bolt of dispelling energy hits you!
Your magical effects are unravelling.
* * * LOW HITPOINT WARNING * * *
You feel yourself speed up.
The crimson imp blinks!
Natasha casts a spell at you. The magic dart hits you.
* * * LOW HITPOINT WARNING * * *
Items here: $ ( ) [ ††.
You hit Natasha but do no damage.
The crimson imp disappears in a puff of smoke!
Natasha zaps a wand.
The bolt of dispelling energy hits you!
You die...

......... ....
.....#.##
########## ......
..........
#####.#.######.#
######.#.
.......5.§.....#
#.##
....|.....#####
#... ###.#.#.#.#
#... .....#.#h#
#.# #.## # #.#
#.#@# #.# #.#.#
#. #.#.# #.#
#.#.# # #.#.# #.#
#.#.# #.#.# #.#
#.#.# #.#.# #.#
#.#.# #.# #.#
#.#.# #.#
##.####.#.#
#.#####.........#
#.............###


You could see Natasha.

Vanquished Creatures
  A scorpion (D:3)
  A howler monkey (D:4)
  An iguana (D:4)
  Natasha (D:4)
  Robin (D:3)
  An adder (D:3)
  A white imp (D:4)
  An ufetubus (D:4)
  2 ball pythons (D:1)
  3 bats
  4 endoplasms (D:1)
  4 giant cockroaches
  12 goblins
  12 hobgoblins
  4 jackals (D:1)
  2 quokkas
  8 kobolds
  4 rats
63 creatures vanquished.

Vanquished Creatures (others)
  14 plants (D:4)
14 creatures vanquished.

Grand Total: 77 creatures vanquished

Notes
Turn   | Place    | Note
-------+----------+-------------------------------------------
     0 | D:1      | dr0g0th the Demonspawn Fighter began the quest for the Orb.
     0 | D:1      | Reached XP level 1. HP: 18/18 MP: 1/1
    71 | D:1      | Gained mutation: You are partially covered in razor-sharp
                  | scales. (AC +1, Slay +1) [demonic ancestry]
    71 | D:1      | Reached XP level 2. HP: 18/24 MP: 2/2
   231 | D:1      | Found Lemm's Armour Shop.
   563 | D:1      | Gained mutation: Your touch may inflict minor irresistible
                  | damage on your foes. [demonic ancestry]
   563 | D:1      | Reached XP level 3. HP: 27/29 MP: 3/3
   672 | D:2      | Noticed Sigmund
  1103 | D:3      | Noticed a scorpion
  1109 | D:3      | Killed a scorpion
  1110 | D:3      | Reached XP level 4. HP: 33/36 MP: 4/4
  1302 | D:3      | Noticed Robin
  1348 | D:3      | Killed Robin
  1722 | D:4      | Found Nicivea's Assorted Antiques.
  1730 | D:4      | Bought a wavering bronze ring for 105 gold pieces
  1730 | D:4      | Identified the ring of Light {rElec rPois Int+4 Dex+3} (You
                  | bought it in a shop on level 4 of the Dungeon)
  1850 | D:4      | Gained mutation: Your touch may inflict irresistible damage
                  | on your foes. [demonic ancestry]
  1850 | D:4      | Reached XP level 5. HP: 42/42 MP: 5/5
  1929 | D:4      | Noticed Natasha
  1933 | D:4      | Killed Natasha
  2226 | D:4      | Noticed Natasha
  2248 | D:4      | Killed from afar by Natasha

Illustrated notes

Levels and vault maps discovered:
D:1:      roderic_crossed_star, layout_loops_ring, serial_shops, shop
D:2:      layout_rooms, uniq_sigmund, uniq_jessica
D:3:      layout_basic, pf_just_have_faith, uniq_robin
D:4:      layout_basic, serial_glass, glass_columns_a, glass_columns_b,
          grunt_decor_mini_mirrors, corexii_corridor_pit, nicolae_stop_n_shop_2,
          serial_bayou_lagoon_b, uniq_natasha

Skill      XL: |  1  2  3  4  5 |
---------------+----------------+-----
Armour         | 3 4 |  4.0
Polearms       | 2 3 |  3.4
Shields        | 3 |  3.2
Fighting       | 4 |  4.1
Dodging        | |  0.2

Action                   |  1- 3 |  4- 6 || total
-------------------------+-------+-------++-------
Melee: Trident           |    80 |   145 ||   225
  Use: Scroll            |     7 |     5 ||    12
       Potion            |     1 |     1 ||     2
Armor: Scale mail        |    27 |       ||    27
       Chain mail        |     4 |   114 ||   118
Dodge: Dodged            |    30 |    69 ||    99
Block: Buckler           |    12 |    40 ||    52

Table legend: (Time is in decaauts)
 A = Elapsed time spent in this place.
 B = Non-inter-level travel time spent in this place.
 C = Inter-level travel time spent in this place.
 D = Time resting spent in this place.
 E = Time spent auto-exploring this place.
 F = Levels seen in this place.
 G = Mean time per level.
                   A        B        C        D        E       F      G
               +--------+--------+--------+--------+--------+-----+--------+
         Total |   2297 |   2123 |    174 |    159 |   1443 |   4 |  574.2 |
       Dungeon |   2297 |   2123 |    174 |    159 |   1443 |   4 |  574.2 |
               +--------+--------+--------+--------+--------+-----+--------+

Top non-repeatable levels by time:
     D:1: 904 daAuts
     D:3: 637 daAuts
     D:4: 585 daAuts
     D:2: 170 daAuts
